 Dungeon Crawl Stone Soup version 0.18.1-48-g4cf74bf (webtiles) character file.

61 raph the Grave Robber (level 3, 0/24 HPs)
             Began as a Demonspawn Necromancer on July 13, 2016.
             Slain by a worm (7 damage)
             ... on level 2 of the Dungeon.
             The game lasted 00:03:42 (2393 turns).

raph the Grave Robber (Demonspawn Necromancer)      Turns: 2393, Time: 00:03:43

Health: 0/24       AC:  2    Str:  8    XL:     3   Next: 83%
Magic:  2/6        EV: 12    Int: 17    God:
Gold:   93         SH:  0    Dex: 13    Spells: 3 memorised, 1 level left

rFire  . . .     SeeInvis .     n - +1 dagger (vamp)
rCold  . . .     Gourm    .     a - +0 robe
rNeg   . . .     Faith    .     (no shield)
rPois  .         Spirit   .     (no helmet)
rElec  .         Dismiss  .     (no cloak)
rCorr  .         Reflect  .     (no gloves)
SustAt .         Harm     .     (no boots)
MR     .....                    (no amulet)
Stlth  ++........               (no ring)
                                (no ring)

@: not resistant to hostile enchantments, unstealthy
A: claws 1
a: no special abilities


You were on level 2 of the Dungeon.
You were not hungry.

You visited 1 branch of the dungeon, and saw 2 of its levels.

You collected 93 gold pieces.

Inventory:

Hand Weapons
 g - a +0 dagger
 n - a +1 vampiric dagger (weapon)
Missiles
 j - 5 tomahawks (quivered)
Armour
 a - a +0 robe (worn)
Jewellery
 d - an uncursed ring of magical power {unknown}
Scrolls
 o - a scroll of enchant weapon {unknown}
 p - a scroll of fog {unknown}
Potions
 e - 2 potions of resistance {unknown}
 f - a potion of curing {unknown}
 i - a potion of heal wounds {unknown}
 l - a potion of might {unknown}
 m - a potion of berserk rage {unknown}
Books
 b - a book of Necromancy

   Spells                             Type                      Level
   a - Pain                           Necromancy                   1
   b - Animate Skeleton               Necromancy                   1
   c - Vampiric Draining              Necromancy                   3
   d - Regeneration                   Charms/Necromancy            3
   e - Animate Dead                   Necromancy                   4
   f - Control Undead                 Necromancy                   4
Comestibles
 c - 2 bread rations
 h - 4 fruits


   Skills:
 + Level 2.4 Dodging
 + Level 2.3 Stealth
 + Level 2.3 Spellcasting
 * Level 5.1 Necromancy


You had one spell level left.
You knew the following spells:

 Your Spells              Type           Power        Failure   Level  Hunger
a - Pain                  Necr           ###.         2%          1    #......
b - Animate Skeleton      Necr           N/A          2%          1    #......
c - Vampiric Draining     Necr           ###.......   10%         3    ###....


Dungeon Overview and Level Annotations

Branches:
Dungeon (2/15)

Altars:
Fedhas
Kikubaaqudgha
Xom


Innate Abilities, Weirdness & Mutations

You have sharp fingernails.


Message History

Casting: Pain
Confirm with . or Enter, or press ? or * to list all spells.
Aiming: Pain
Press: ? - help, Shift-Dir - straight line, f/p - worm
Aim: a worm (chance to defeat MR: 84%)
The hobgoblin convulses in agony!
You kill the hobgoblin!
You hit the worm but do no damage. You hit the worm.
The worm is moderately wounded.
The worm bites you.
* * * LOW HITPOINT WARNING * * *
You barely miss the worm.
The worm is lightly wounded.
You hit the worm but do no damage.
The worm is lightly wounded.
You hit the worm.
The worm is lightly wounded.
The worm bites you!
You die...

.# ..# .# #..# # .##
########(..###.# ..#
#.......##..... ..#
#.######.#..# . ..#
#.#.?..##.#g##.### .##
#.#.##.###.......[ .#
#....#w##.....#### .#
##.#..#@#w......#
.#########.....#..........#
..........................'.
##########........>.......##
##.##.###.......## ####.#
##.....## ..# ##...## ####
#'## .#


You could see a worm.

Vanquished Creatures
  3 adders
  2 ball pythons (D:1)
  2 giant cockroaches
  5 goblins
  7 hobgoblins
  2 jackals (D:2)
  A kobold (D:2)
  3 bats
  A giant newt (D:1)
  6 rats
32 creatures vanquished.

Vanquished Creatures (collateral kills)
  A giant cockroach (D:1)
  A hobgoblin (D:2)
2 creatures vanquished.

Grand Total: 34 creatures vanquished

Notes
Turn   | Place    | Note
--------------------------------------------------------------
     0 | D:1      | raph the Demonspawn Necromancer began the quest for the Orb.
     0 | D:1      | Reached XP level 1. HP: 13/13 MP: 3/3
     4 | D:1      | Learned a level 1 spell: Animate Skeleton
   339 | D:1      | Gained mutation: You have sharp fingernails. [demonic ancestry]
   339 | D:1      | Reached XP level 2. HP: 15/19 MP: 0/5
  1191 | D:2      | Found a shimmering altar of Xom.
  1396 | D:2      | Reached XP level 3. HP: 19/24 MP: 0/6
  1575 | D:2      | Reached skill level 5 in Necromancy
  1964 | D:2      | Learned a level 3 spell: Vampiric Draining
  2165 | D:2      | Found a blossoming altar of Fedhas.
  2166 | D:2      | Found an ancient bone altar of Kikubaaqudgha.
  2393 | D:2      | Slain by a worm

Skill      XL: |  1  2  3 |
---------------+----------+-----
Dodging        | 2 |  2.4
Stealth        | 2 |  2.3
Necromancy     | 5 |  5.1
Spellcasting   | |  2.3

Action                   || total
-------------------------++-------
Melee: Dagger            ||    52
 Cast: Pain              ||    61
       Animate Skeleton  ||    11
 Stab: Sleeping          ||     1
  Eat: Chunk             ||     4
       Bread ration      ||     1
       Pizza             ||     1
Armor: Robe              ||    11
Dodge: Dodged            ||    49
